 Dungeon Crawl Stone Soup version 0.23.0-2-g0fe3ce5905 (webtiles) character file.

Game seed: 3434557200441039338

18 Esekla the Magician (level 2, 0/16 HPs)
             Began as a Deep Elf Wanderer on Feb 20, 2019.
             Slain by a jackal (2 damage)
             ... on level 2 of the Dungeon.
             The game lasted 00:12:22 (1608 turns).

Esekla the Magician (Deep Elf Wanderer)             Turns: 1608, Time: 00:12:22

Health: 0/16       AC:  2    Str:  9    XL:     2   Next: 48%
Magic:  6/9        EV: 12    Int: 13    God:
Gold:   56         SH:  0    Dex: 17    Spells: 6/9 levels left

rFire    . . .     SeeInvis .   k - +1 dagger (pain)
rCold    . . .     Gourm    .   (no shield)
rNeg     . . .     Faith    .   f - +0 robe
rPois    .         Spirit   .   (no helmet)
rElec    .         Reflect  .   (no cloak)
rCorr    .         Harm     .   (no gloves)
MR       .....                  (no boots)
Stlth    ++........             (no amulet)
HPRegen  0.05/turn              (no ring)
MPRegen  0.11/turn              (no ring)

@: very slightly contaminated
A: no striking features
a: no special abilities


You were on level 2 of the Dungeon.
You were not hungry.

You visited 1 branch of the dungeon, and saw 2 of its levels.

You collected 56 gold pieces.

Inventory:

Hand Weapons
 a - a +0 dagger
 b - a +0 shortbow
 e - a +0 blowgun
 k - a +1 dagger of pain (weapon)
Missiles
 c - 27 arrows
 d - 5 poisoned needles
Armour
 f - a +0 robe (worn)
Scrolls
 h - a scroll of identify {unknown}
 j - a scroll of magic mapping {unknown}
 l - a scroll of immolation {unknown}
 m - 2 scrolls of teleportation {unknown}
 o - a scroll of random uselessness {unknown}
 p - a scroll of enchant weapon {unknown}
Potions
 i - 3 potions of flight {unknown}
 n - a potion of haste {unknown}
Comestibles
 g - 2 rations


   Skills:
 - Level 1.5 Fighting
 * Level 1.1 Short Blades
 - Level 2.1 Bows
 - Level 2.0 Throwing
 - Level 1.0 Armour
 + Level 1.3 Dodging
 - Level 4.4 Spellcasting
 * Level 1.2 Conjurations
 * Level 0.1 Translocations


You had 6 spell levels left.
You knew the following spells:

 Your Spells              Type           Power        Failure   Level  Hunger
a - Magic Dart            Conj           #...         12%         1    None
b - Blink                 Tloc           N/A          28%         2    ##.....

Your spell library contained the following spells:

 Spells                   Type           Power        Failure   Level  Hunger
 Call Imp                 Summ           #.......     30%         2    ##.....
 Slow                     Hex            #.......     30%         2    ##.....
 Conjure Flame            Conj/Fire      #.......     43%         3    ###....
 Mephitic Cloud           Conj/Pois/Air  #.......     45%         3    ###....


Dungeon Overview and Level Annotations

Branches:
Dungeon (2/15)

Altars:

Annotations:
D:2 Jessica


Message History

Casting: Magic Dart (safe; 12% risk of failure)
Confirm with . or Enter, or press ? or * to list all spells.
Aiming: Magic Dart (safe; 12% risk of failure)
Press: ? - help, Shift-Dir - straight line, f/p - jackal
Aim: a jackal (severely wounded)
The magic dart hits the jackal.
The jackal is almost dead.
The jackal bites you.
* * * LOW HITPOINT WARNING * * *
The jackal bites you.
* * * LOW HITPOINT WARNING * * *
Casting: Magic Dart (safe; 12% risk of failure)
Confirm with . or Enter, or press ? or * to list all spells.
Aiming: Magic Dart (safe; 12% risk of failure)
Press: ? - help, Shift-Dir - straight line, f/p - jackal
Aim: a jackal (almost dead)
The magic dart hits the jackal but does no damage.
The jackal is almost dead.
The jackal bites you.
You die...

#.##########.##
#............######.#
#####................
.........###########..
######.#.#
#########.#.#
#......##.#.#
########.####.##.#.#
.........# #.##@#.#
#############.##h#.###
#....†..........#
#........#......#
###############......#
.....................#
##############.......#
############.........#
..............#......#


You could see a jackal.

Vanquished Creatures
  A leopard gecko (D:1)
  2 bats (D:1)
  A giant cockroach (D:1)
  A goblin (D:1)
  A hobgoblin (D:1)
  A jackal (D:2)
  5 kobolds (D:1)
  2 frilled lizards
  3 rats
17 creatures vanquished.

Notes
Turn   | Place    | Note
-------+----------+-------------------------------------------
     0 | D:1      | Esekla the Deep Elf Wanderer began the quest for the Orb.
     0 | D:1      | Esekla set off with the following items: a +0 shortbow, 27
                  | arrows, 9 poisoned needles, a +0 blowgun, a +0 robe, a
                  | ration; and the following spell memorised: Magic Dart; and
                  | the following spells available to memorise: Blink, Call
                  | Imp, Slow, Conjure Flame, Mephitic Cloud
     0 | D:1      | Reached XP level 1. HP: 12/12 MP: 7/7
   283 | D:1      | Reached skill level 1 in Dodging
   311 | D:1      | Reached skill level 1 in Conjurations
   311 | D:1      | Reached XP level 2. HP: 16/16 MP: 7/9
   405 | D:1      | Learned a level 2 spell: Blink
   857 | D:1      | Reached skill level 1 in Short Blades
  1539 | D:2      | Noticed Jessica
  1608 | D:2      | Slain by a jackal

Skill      XL: |  1  2 |
---------------+-------+-----
Dodging        | 1 |  1.3
Conjurations   | 1 |  1.2
Short Blades   | 1 |  1.1
Fighting       | |  1.5
Bows           | |  2.1
Throwing       | |  2.0
Armour         | |  1.0
Spellcasting   | |  4.4
Translocations | |  0.1

Action                   || total
-------------------------++-------
Melee: Dagger            ||    72
 Fire: Blowgun           ||     4
 Cast: Magic Dart        ||    33
       Blink             ||     2
 Stab: Sleeping          ||     2
  Eat: Ration            ||     1
Armor: Robe              ||     5
Dodge: Dodged            ||    45
